 Dungeon Crawl Stone Soup version 0.27-a0-92-g39ad13b146 (webtiles) character file.

Game seed: 14738609978366739038

692 kae the Ruffian (level 7, -2/57 HPs)
             Began as a White Draconian Transmuter on Jan 15, 2021.
             Was an Initiate of Ru.
             Slain by a water moccasin zombie (8 damage)
             ... on level 5 of the Dungeon.
             The game lasted 00:04:57 (5389 turns).

kae the Ruffian (White Draconian Transmuter)        Turns: 5389, Time: 00:04:57

Health: -2/57      AC:  6    Str: 14    XL:     7   Next: 36%
Magic:  8/12       EV: 13    Int: 13    God:    Ru [......]
Gold:   206        SH:  0    Dex: 12    Spells: 9/13 levels left

rFire    . . .     SeeInvis .     - Unarmed
rCold    + . .     Faith    .   (no shield)
rNeg     . . .     Spirit   .   (armour unavailable)
rPois    .         Reflect  .   (helmet restricted)
rElec    .         Harm     .   (no cloak)
rCorr    .         Rampage  .   (no gloves)
Will     .....                  (no boots)
Stlth    +.........             (no amulet)
HPRegen  0.19/turn              (no ring)
MPRegen  0.13/turn              (no ring)

@: no status effects
A: breathe frost, unfitting armour, cold resistance 1, cold-blooded, AC +6
a: Breathe Frost, Renounce Religion, Sacrifice Experience, Sacrifice Drink,
Sacrifice a Hand, Reject Sacrifices


You were on level 5 of the Dungeon.
You worshipped Ru.
Ru was noncommittal.
You visited 1 branch of the dungeon, and saw 5 of its levels.

You collected 206 gold pieces.

Inventory:

Scrolls
 a - a scroll of fear {unknown}
 c - a scroll of blinking {unknown}
 d - a scroll of enchant armour {unknown}
Potions
 b - a potion of curing
 e - 3 potions of mutation
 h - a potion of lignification
 j - a potion of invisibility
 k - a potion of brilliance
 l - a potion of haste {unknown}
 n - a potion of degeneration {unknown}


   Skills:
 + Level 3.5 Fighting
 + Level 3.3 Dodging
 * Level 5.6 Unarmed Combat
 + Level 3.5 Spellcasting
 + Level 3.7 Transmutations


You had 9 spell levels left.
You knew the following spells:

 Your Spells              Type           Power        Failure   Level
a - Beastly Appendage     Tmut           24%          4%          1
b - Spider Form           Tmut/Pois      3%           30%         3

Your spell library contained the following spells:

 Spells                   Type           Power        Failure   Level
 Wereblood                Tmut           12%          7%          2
 Animate Skeleton         Necr           4%           22%         1
 Apportation              Tloc           4%           22%         1
 Corona                   Hex            2%           22%         1
 Summon Small Mammal      Summ           8%           22%         1
 Ice Form                 Ice/Tmut       7%           69%         4
 Blade Hands              Tmut           6%           77%         5


Dungeon Overview and Level Annotations

Branches:
Dungeon (5/15)             Temple (0/1) D:4

Altars:
Ashenzari
Cheibriados
Dithmenos
Fedhas
Hepliaklqana
Kikubaaqudgha
Makhleb
Ru
Sif Muna
Trog
Uskayaw


Innate Abilities, Weirdness & Mutations

You can breathe waves of freezing cold.
You can buffet flying creatures when you breathe cold.
Your icy white scales are hard. (AC +6)
You cannot fit into any form of body armour.
Your flesh is cold resistant. (rC+)
You are cold-blooded and may be slowed by cold attacks.


Message History

Things that are here:
a stone; an iguana corpse You hit the water moccasin zombie.
The water moccasin zombie is moderately damaged.
The water moccasin zombie barely misses you.
The phantom blinks!
You hit the water moccasin zombie.
The water moccasin zombie is moderately damaged.
Your transformation has ended.
The water moccasin zombie bites you but does no damage.
You hit the water moccasin zombie.
You tail-slap the water moccasin zombie.
The water moccasin zombie is heavily damaged.
The water moccasin zombie bites you!
* * * LOW HITPOINT WARNING * * *
You punch the water moccasin zombie!
You tail-slap the water moccasin zombie, but do no damage.
The water moccasin zombie is severely damaged.
The water moccasin zombie bites you!
You die...

###.#..##...........>....#.....#.
###.#..##.#####...####...#.....#.
.......)..# #...................
######.#### #.....########.#####
#.# #.....# #.##### #.# ##...##
#.....# ... ##.## #####.# #.# #(#
#.# #.#.#######@## #..
........?..Z.# ###
#.#...........# #.####..........
#..#.#..##.# #.......# W....##.#
##.##.# .# #. ... .#


You could see a phantom and a water moccasin zombie.

Vanquished Creatures
  3 phantoms (D:4)
  An ogre (D:5)
  A hound (D:5)
  An orc wizard (D:5)
  An orc priest (D:3)
  An iguana (D:5)
  A worker ant (D:4)
  A worker ant zombie (D:5)
  4 gnolls (D:4)
  7 adders
  An ooze (D:3)
  A worm (D:2)
  An adder skeleton (D:5)
  2 dart slugs (D:2)
  7 leopard geckos
  7 orcs
  3 giant cockroaches
  5 goblins
  6 hobgoblins
  2 jackals (D:2)
  2 quokkas (D:2)
  2 ball pythons
  7 bats
  6 frilled lizards
  9 kobolds
  A leopard gecko zombie (D:4)
  A quokka skeleton (D:4)
  12 rats
96 creatures vanquished.

Notes
Turn   | Place    | Note
-------+----------+-------------------------------------------
     0 | D:1      | kae the Draconian Transmuter began the quest for the Orb.
     0 | D:1      | Reached XP level 1. HP: 16/16 MP: 3/3
   263 | D:1      | Reached XP level 2. HP: 23/23 MP: 3/5
  1168 | D:2      | Reached XP level 3. HP: 27/28 MP: 4/6
  1509 | D:2      | Found a blossoming altar of Fedhas.
  1972 | D:2      | Found a faded altar of an unknown god.
  2070 | D:2      | Found a snail-covered altar of Cheibriados.
  2146 | D:2      | Reached XP level 4. HP: 36/36 MP: 7/7
  2199 | D:2      | Found a shimmering blue altar of Sif Muna.
  2353 | D:2      | Found an ancient bone altar of Kikubaaqudgha.
  2617 | D:3      | Learned a level 3 spell: Spider Form
  2694 | D:3      | Reached skill level 4 in Unarmed Combat
  3144 | D:3      | Reached XP level 5. HP: 37/41 MP: 8/8
  3457 | D:3      | Found a broken altar of Ashenzari.
  3457 | D:3      | Found a bloodstained altar of Trog.
  3457 | D:3      | Found a sacrificial altar of Ru.
  3457 | D:3      | Found a shadowy altar of Dithmenos.
  3471 | D:3      | Found a burning altar of Makhleb.
  3471 | D:3      | Found a hazy altar of Hepliaklqana.
  3484 | D:3      | Became a worshipper of Ru the Awakened
  3564 | D:4      | Found a staircase to the Ecumenical Temple.
  3869 | D:4      | Noticed a phantom
  4105 | D:4      | Killed a phantom
  4106 | D:4      | Reached XP level 6. HP: 41/50 MP: 5/10
  4428 | D:4      | Found a hide-covered altar of Uskayaw.
  4501 | D:4      | Reached skill level 5 in Unarmed Combat
  4813 | D:5      | Entered Level 5 of the Dungeon
  4841 | D:5      | Your scales start taking on an icy white colour.
  4841 | D:5      | Reached XP level 7. HP: 38/57 MP: 7/12
  4841 | D:5      | Gained mutation: Your flesh is cold resistant. (rC+) [White
                  | Draconian growth]
  5389 | D:5      | Slain by a water moccasin zombie

Illustrated notes

Levels and vault maps discovered:
D:1:      enne_arrival_octagon_isle, layout_loops_ring, minmay_small_reverse_x
D:2:      layout_loops_cross, lemuel_crystal_altar, lemuel_crystal_altar,
          marbit_many_paths, chequers_ecumenical_altar_simple,
          fedhas_altar_fruit_tree
D:3:      layout_loops_ring, minmay_overflow_temple_hex
D:4:      layout_cave_pools, kennysheep_little_box, minmay_temple_entry_trees,
          gup_sewer_entry_bowl
D:5:      layout_loops_cross, uniq_prince_ribbit1

Skill      XL: |  1  2  3  4  5  6 |
---------------+-------------------+-----
Dodging        | 2 3 |  3.3
Fighting       | 2 3 |  3.5
Unarmed Combat | 4 5 |  5.6
Transmutations | 3 |  3.7
Spellcasting   | 3 |  3.5

Action                   |  1- 3 |  4- 6 |  7- 9 || total
-------------------------+-------+-------+-------++-------
Melee: Unarmed           |   115 |   190 |    59 ||   364
       Kick              |    15 |     8 |     2 ||    25
       Headbutt          |     8 |     3 |     2 ||    13
       Tailslap          |     8 |    14 |     4 ||    26
       Punch             |       |     2 |     1 ||     3
 Cast: Beastly Appendage |    30 |    18 |     4 ||    52
       Spider Form       |       |    10 |     2 ||    12
 Abil: Breathe Frost     |       |       |     1 ||     1
  Use: Potion            |       |     1 |       ||     1
       Scroll            |       |    10 |       ||    10
 Stab: Sleeping          |     1 |     1 |     1 ||     3
Armor: Skin              |    34 |    35 |    11 ||    80
Dodge: Dodged            |    89 |   123 |    44 ||   256

Table legend: (Time is in decaauts)
 A = Elapsed time spent in this place.
 B = Non-inter-level travel time spent in this place.
 C = Inter-level travel time spent in this place.
 D = Time resting spent in this place.
 E = Time spent auto-exploring this place.
 F = Levels seen in this place.
 G = Mean time per level.
                   A        B        C        D        E       F      G
               +--------+--------+--------+--------+--------+-----+--------+
         Total |   5362 |   5288 |     74 |    421 |   4037 |   5 | 1072.4 |
       Dungeon |   5362 |   5288 |     74 |    421 |   4037 |   5 | 1072.4 |
               +--------+--------+--------+--------+--------+-----+--------+

Top non-repeatable levels by time:
     D:2: 1448 daAuts
     D:1: 1153 daAuts
     D:4: 1101 daAuts
     D:3: 1089 daAuts
     D:5: 569 daAuts
